 Dungeon Crawl Stone Soup version 0.25.0-9-g26727b657a (webtiles) character file.

Game seed: 15864332125289220485

320 mopl the Stinger (level 6, -4/41 HPs)
             Began as a Formicid Venom Mage on June 16, 2020.
             Slain by a killer bee (9 damage)
             ... on level 2 of the Dungeon.
             The game lasted 00:03:38 (1716 turns).

mopl the Stinger (Formicid Venom Mage)              Turns: 1716, Time: 00:03:40

Health: -4/41      AC:  2    Str: 12 (15) XL:     6   Next: 75%
Magic:  8/12       EV: 12    Int: 13 (14) God:
Gold:   130        SH:  0    Dex:  8 (11) Spells: 7/13 levels left

rFire    . . .     SeeInvis +   (no weapon)
rCold    . . .     Gourm    .   (no shield)
rNeg     . . .     Faith    .   a - +0 robe
rPois    .         Spirit   .   (helmet unavailable)
rElec    .         Reflect  .   (no cloak)
rCorr    .         Harm     .   (no gloves)
MR       .....                  (no boots)
Stlth    ++........             (no amulet)
HPRegen  0.13/turn              (no ring)
MPRegen  0.13/turn              (no ring)

@: lethally poisoned (-4 -> -9)
A: permanent stasis, dig shafts and tunnels, four strong arms, antennae 3
a: Dig, Shaft Self


You were on level 2 of the Dungeon.
You were very hungry.

You visited 1 branch of the dungeon, and saw 2 of its levels.

You collected 130 gold pieces.

Inventory:

Armour
 a - a +0 robe (worn)
Wands
 f - a wand of digging (1)
Scrolls
 b - 2 scrolls of amnesia {unknown}
 d - a scroll of noise {unknown}
Potions
 e - 2 potions of might
 g - a potion of heal wounds
 h - a potion of resistance
 i - a potion of curing
Comestibles
 c - 4 rations


   Skills:
 - Level 1.7 Dodging
 - Level 2.4 Stealth
 * Level 4.0 Spellcasting
 * Level 3.5 Transmutations
 + Level 1.5 Fire Magic
 + Level 1.2 Air Magic
 * Level 5.8 Poison Magic


You had 7 spell levels left.
You knew the following spells:

 Your Spells              Type           Power        Failure   Level  Hunger
a - Sting                 Tmut/Pois      ##..         3%          1    None
b - Poisonous Vapours     Pois/Air       ##....       8%          2    ##.....
g - Ignite Poison         Fire/Tmut/Pois ##......     14%         3    ###....

Your spell library contained the following spells:

 Spells                   Type           Power        Failure   Level  Hunger
 Olgreb's Toxic Radiance  Pois           ###.....     19%         4    ####...
 Mephitic Cloud           Conj/Pois/Air  #.......     24%         3    ###....


Dungeon Overview and Level Annotations

Branches:
Dungeon (2/15)

Altars:
Makhleb
Xom


Innate Abilities, Weirdness & Mutations

You cannot be hasted, slowed, berserked, paralysed or teleported.
You can dig through walls and to a lower floor.
Your four strong arms can wield two-handed weapons with a shield.
You have a pair of large antennae on your head. (SInv)


Message History

You kill the killer bee!
Your Spellcasting skill increases to level 4!
A killer bee comes into view.
Casting: Sting (safe; 2% risk of failure)
Confirm with . or Enter, or press ? or * to list all spells.
Aiming: Sting (safe; 2% risk of failure)
Press: ? - help, Shift-Dir - straight line, f - killer bee
Aim: a killer bee The sting misses the killer bee. x2; You feel sick.
The killer bee stings you. The killer bee closely misses you.
You feel sick. The killer bee stings you!
* * * LOW HITPOINT WARNING * * *
The killer bee closely misses you.
It was a potion of degeneration.
There was something very wrong with that liquid.
You feel weakened.
You feel dopey.
You feel clumsy. The killer bee stings you!
* * * LOW HITPOINT WARNING * * *
The killer bee stings you!
You die...

. .......'..# ##.## #.#
## . .......'..# ##.##
#y# ##. ≈ ≈≈≈≈≈≈≈####
##.###.#####.# ≈ ≈≈≈≈≈≈≈
##......##.## ≈ ≈≈≈≈≈≈≈
#########y....#.### ≈ {
≈≈≈≈≈≈#
................... ≈
≈≈≈≈≈#
#########.....##### ≈
≈≈≈≈##############.....#
#.##...@y.y.......##
####.....yy#####.#..# ##
#.#.##[###.# #.#..# .#
##.###.# #.# #.#..# .#
#.# #.# #.# #.#..######
.########.###.# #.#
#.#........
...........##.# #.#
#.##.######
####.##.......#
#.#####.##.#
####.##.##.####
#.......##.#


You could see 4 killer bees.

Vanquished Creatures
  Sigmund (D:2)
  A killer bee (D:2)
  Natasha (thrice) (D:2)
  Terence (D:2)
  A dart slug (D:1)
  2 leopard geckos (D:1)
  3 goblins (D:1)
  3 hobgoblins
  4 kobolds
  2 ball pythons (D:1)
  2 bats (D:1)
  3 frilled lizards (D:1)
  4 rats
30 creatures vanquished.

Notes
Turn   | Place    | Note
-------+----------+-------------------------------------------
     0 | D:1      | mopl the Formicid Venom Mage began the quest for the Orb.
     0 | D:1      | Reached XP level 1. HP: 13/13 MP: 3/3
   177 | D:1      | Reached XP level 2. HP: 19/19 MP: 3/5
   390 | D:1      | Reached XP level 3. HP: 17/24 MP: 1/6
   395 | D:1      | Learned a level 2 spell: Poisonous Vapours
   399 | D:1      | Learned a level 3 spell: Ignite Poison
   713 | D:1      | Found a shimmering altar of Xom.
   787 | D:2      | Noticed Natasha
   794 | D:2      | HP: 1/24 [Natasha (5)]
   802 | D:2      | Killed Natasha
   802 | D:2      | Reached XP level 4. HP: 2/30 MP: 0/8
  1094 | D:2      | Noticed Natasha
  1104 | D:2      | Killed Natasha
  1232 | D:2      | Noticed Natasha
  1250 | D:2      | Killed Natasha
  1250 | D:2      | Reached skill level 5 in Poison Magic
  1250 | D:2      | Reached XP level 5. HP: 25/35 MP: 5/9
  1373 | D:2      | Found a burning altar of Makhleb.
  1460 | D:2      | Noticed Terence
  1460 | D:2      | Noticed Sigmund
  1477 | D:2      | Killed Sigmund
  1477 | D:2      | Reached skill level 1 in Fire Magic
  1477 | D:2      | Reached skill level 1 in Air Magic
  1477 | D:2      | Reached XP level 6. HP: 27/41 MP: 3/11
  1493 | D:2      | Killed Terence
  1716 | D:2      | Slain by a killer bee

Illustrated notes

Levels and vault maps discovered:
D:1:      dpeg_arrival_water_altar, layout_loops_ring
D:2:      kennysheep_big_flooded_room, layout_loops_ring,
          lightli_temple_of_fire, first_ration, uniq_natasha, uniq_terence,
          uniq_sigmund

Skill      XL: |  1  2  3  4  5  6 |
---------------+-------------------+-----
Transmutations | 2 3 |  3.5
Spellcasting   | 3 4 |  4.0
Poison Magic   | 5 |  5.8
Fire Magic     | 1 |  1.5
Air Magic      | 1 |  1.2
Dodging        | |  1.7
Stealth        | |  2.4

Action                   |  1- 3 |  4- 6 || total
-------------------------+-------+-------++-------
Melee: Unarmed           |    22 |     5 ||    27
 Cast: Sting             |    30 |    15 ||    45
       Poisonous Vapours |     1 |     7 ||     8
  Use: Scroll            |       |     3 ||     3
       Potion            |       |     1 ||     1
 Stab: Sleeping          |     1 |       ||     1
  Eat: Chunk             |       |     2 ||     2
Armor: Robe              |     8 |     1 ||     9
Dodge: Dodged            |    20 |    15 ||    35
